 Dungeon Crawl Stone Soup version 0.28.0 (webtiles) character file.

Game seed: 5996781198159496915

68 Dorkslayer the Skirmisher (level 4, -9/46 (49) HPs)
             Began as an Ogre Fighter on May 27, 2022.
             Killed from afar by Ijyb (11 damage)
             ... with a bolt of acid
             ... on level 3 of the Dungeon.
             The game lasted 00:03:59 (1962 turns).

Dorkslayer the Skirmisher (Ogre Fighter)            Turns: 1962, Time: 00:03:59

HP:   -9/46 (49)    AC: -1    Str: 20    XL:     4   Next: 19%
MP:   4/4           EV: 13    Int:  9    God:
Gold: 99            SH:  7    Dex: 10    Spells: 3/3 levels left

rFire   . . .      SeeInvis .   a - +0 war axe
rCold   . . .      Faith    .   c - +0 kite shield
rNeg    . . .      Spirit   .   b - +0 robe
rPois   .          Reflect  .   (helmet restricted)
rElec   .          Harm     .   (no cloak)
rCorr   +          Rampage  .   (gloves unavailable)
Will    .....                   (boots unavailable)
Stlth   +.........              (no amulet)
HPRegen 0.15/turn               f - ring of resist corrosion
MPRegen 0.09/turn               g - +4 ring of evasion

@: corroded, drained
A: large, unfitting armour, tough skin 1
a: no special abilities


You were on level 3 of the Dungeon.
You visited 1 branch of the dungeon, and saw 3 of its levels.

You collected 99 gold pieces.

Inventory:

Hand Weapons
 a - a +0 war axe (weapon)
Missiles
 m - a throwing net (quivered)
Armour
 b - a +0 robe (worn)
 c - a +0 kite shield (worn)
Jewellery
 f - a ring of resist corrosion (left hand)
 g - a +4 ring of evasion (right hand)
Scrolls
 e - a scroll of blinking {unknown}
 k - 2 scrolls of identify {unknown}
 l - a scroll of fear {unknown}
Potions
 d - a potion of might
 h - a potion of haste {unknown}
 i - a potion of mutation {unknown}
 j - a potion of attraction {unknown}


   Skills:
 + Level 4.8 Fighting
 + Level 2.6 Axes
 * Level 0.4 Throwing
 + Level 3.1 Dodging
 + Level 0.2 Stealth
 + Level 3.2 Shields


You had 3 spell levels left.
You didn't know any spells.
Your spell library contained the following spells:

 Spells                   Type           Power      Damage    Failure   Level
 Static Discharge         Conj/Air       0%         N/A       82%         2
 Lightning Bolt           Conj/Air       0%         1d11      100%        5
 Maxwell's Capacitive Co  Air            0%         ∞         100%        8


Dungeon Overview and Level Annotations

Branches:
Dungeon (3/15)

Altars:

Annotations:
D:3 Ijyb


Innate Abilities, Weirdness & Mutations

You are too large for most types of armour.
You have tough skin. (AC +1)


Message History

You slash Ijyb!
Ijyb is heavily wounded.
You block Ijyb's attack.
An endoplasm comes into view.
Ijyb hits you but does no damage.
You feel drained.
You barely miss Ijyb.
Ijyb is heavily wounded.
Ijyb zaps a wand.
The bolt of acid hits you! You resist.
You barely miss Ijyb.
Ijyb is heavily wounded.
You block Ijyb's attack.
Ijyb zaps a wand.
The bolt of acid hits you! You resist. The acid corrodes you!
You closely miss Ijyb.
Ijyb is heavily wounded.
A ball python comes into view.
Ijyb completely misses you.
You closely miss Ijyb.
Ijyb is heavily wounded.
Ijyb hits you with a +0 dagger of draining.
You feel drained.
* * * LOW HITPOINT WARNING * * *
Ijyb zaps a wand.
The bolt of acid hits you! You resist.
* * * LOW HITPOINT WARNING * * *
Okay, then.
You barely miss Ijyb.
Ijyb is heavily wounded.
Ijyb barely misses you. You block Ijyb's attack.
You barely miss Ijyb.
Ijyb is heavily wounded.
Ijyb closely misses you.
You hit Ijyb.
Ijyb is severely wounded.
Ijyb closely misses you. You block Ijyb's attack.
You hit Ijyb.
Ijyb is almost dead.
Ijyb barely misses you.
You closely miss Ijyb.
Ijyb is almost dead.
Ijyb zaps a wand.
The bolt of acid hits you! You resist.
You die...

## ############. #.#
####............
...<.####......########.
....SJg@..##...# #.
.....#######...# #. ...
#...# #####. .
#...####.....
#........###.
#...#.######.
#...#......#.
.....######.). ###...#
#..#


You could see Ijyb, an endoplasm and a ball python.

Vanquished Creatures
  3 adders
  A worm (D:3)
  An orc (D:3)
  2 bats
  5 endoplasms
  A giant cockroach (D:1)
  2 goblins
  4 hobgoblins
  3 jackals (D:1)
  2 kobolds
  A quokka (D:1)
  3 ball pythons
  2 frilled lizards
  4 rats
34 creatures vanquished.

Vanquished Creatures (others)
  10 plants (D:1)
10 creatures vanquished.

Grand Total: 44 creatures vanquished

Notes
Turn   | Place    | Note
-------+----------+-------------------------------------------
     0 | D:1      | Dorkslayer the Ogre Fighter began the quest for the Orb.
     0 | D:1      | Reached XP level 1. HP: 24/24 MP: 1/1
   123 | D:1      | Reached XP level 2. HP: 22/32 MP: 2/2
   367 | D:1      | Found a faded altar of an unknown god.
   702 | D:2      | Reached XP level 3. HP: 23/40 MP: 3/3
  1757 | D:3      | Reached XP level 4. HP: 36/49 MP: 4/4
  1950 | D:3      | Noticed Ijyb
  1957 | D:3      | HP: 1/46 [Ijyb/bolt of acid (11)]
  1962 | D:3      | Killed from afar by Ijyb

Illustrated notes

Levels and vault maps discovered:
D:1:      dpeg_arrival_pits, layout_basic,
          shapermc_ecumenical_altar_mp_highgroup, serial_bayou_lake_a
D:2:      layout_loops_corners, feat_on_display
D:3:      layout_rooms, minmay_tree_intersection, minmay_bisected, uniq_ijyb

Skill      XL: |  1  2 |
---------------+-------+-----
Dodging        | 3 |  3.1
Shields        | 3 |  3.2
Fighting       | |  4.8
Axes           | |  2.6
Throwing       | |  0.4
Stealth        | |  0.2

Action                   |  1- 3 |  4- 6 || total
-------------------------+-------+-------++-------
Melee: War axe           |    82 |    19 ||   101
 Stab: Sleeping          |     1 |       ||     1
Armor: Robe              |    23 |     2 ||    25
Dodge: Dodged            |    61 |     8 ||    69
Block: Kite shield       |    44 |     6 ||    50
